[Event "*** Titled Tuesday Blitz"]
[Site "Chess.com"]
[Date "2020.04.28"]
[Round "7"]
[White "JonahWillow"]
[Black "Fandorine"]
[Result "1/2-1/2"]
[WhiteElo "2700"]
[BlackElo "2875"]
[TimeControl "180+1"]
[EndTime "11:20:07 PDT"]
[Termination "Game drawn - insufficient material"]

1. e4 c5 2. Nf3 d6 3. d4 cxd4 4. Qxd4 Nf6 5. Nc3 Nc6 6. Bb5 Bd7 7. Bxc6 Bxc6 8. Bg5 e6 9. O-O-O Be7 10. Qd3 Qa5 11.
h4 Qa6 12. Qxa6 bxa6 13. Rhe1 h6 14. Bxf6 gxf6 15. Nd4 Bd7 16. f4 Rg8 17. Re2 Rg4 18. Rf1 Rxh4 19. f5 Rc8 20. g3 Rg4 21. Rh2 Bf8 22. fxe6 fxe6 23. Rf3 Ke7 24. Nce2 Rc5 25. Rf4 Rcg5 26. Kd2 Bg7 27. Kd3 e5 28. Nf5+ Bxf5 29.
Rxf5 d5 30. Rxg5 dxe4+ 31. Ke3 hxg5 32. Rh7 Kf7 33. c4 f5 34. c5 f4+ 35. gxf4 exf4+ 36. Kxe4 f3+ 37. Kxf3 Rc4 38. Ng3 Kg6 39. Rh2 Rxc5 40.
Rd2 Be5 41. Ne4 Rc7 42. Rd5 Rf7+ 43. Kg2 Bf4 44. Ra5 Re7 45. Rxa6+ Kf5 46. Nf2 Re2 47. Ra5+ Kg6 48. Rb5 Kh5 49. Kf3 Rc2 50. Ne4 Kh4 51. Rb7 Kh5 52. Rh7+ Kg6 53. Rb7 Be5 54. b3 Rxa2 55. Nc5 Bf4 56. Ne4 Kf5 57. Rf7+ Ke5 58. Re7+ Kd4 59. Rd7+ Ke5 60. Re7+ Kd5 61. Rd7+ Ke6 62.
Rb7 Ra3 63. Kg4 Ra5 64. b4 Re5 65. Nc5+ Kd5 66. Rd7+ Kc4 67. Nd3 Rd5 68. Nb2+ Kd4 69. Rxa7 Kc3 70. Na4+ Kxb4 71. Nb6 Rd4 72. Ra4+ Kc5 73.
Rxd4 Kxd4 74. Nd7 Ke3 75. Nf8 Kf2 76. Nh7 Ke3 77. Nxg5 1/2-1/2

[Event "*** Titled Tuesday Blitz"]
[Site "Chess.com"]
[Date "2020.04.28"]
[Round "7"]
[White "Koalaskakistis"]
[Black "allvim"]
[Result "1-0"]
[WhiteElo "2537"]
[BlackElo "2314"]
[TimeControl "180+1"]
[EndTime "11:20:07 PDT"]
[Termination "Koalaskakistis won by resignation"]

1. e4 c5 2. Nf3 d6 3. Bb5+ Bd7 4. Bxd7+ Qxd7 5. c4 Nc6 6. Nc3 e6 7. O-O Nf6 8. d4 cxd4 9. Nxd4 Be7 10. Be3 a6 11. Qe2 O-O 12. Rfd1 Rac8 13. Rac1 Rfd8 14. b3 Qe8 15. a4 Nd7 16. Nc2 Bf6 17. Nd4 Nxd4 18. Bxd4 Bxd4 19. Rxd4 Ne5 20. Rcd1 Qc6 21. Qd2 Rc7 22.
Rxd6 Rxd6 23. Qxd6 Qxd6 24. Rxd6 Kf8 25. f4 Nc6 26. Rd3 Ke7 27. Kf2 Nb4 28. Rd2 h6 29. g3 Nc6 30. e5 Na5 31. Rb2 Rd7 32. Ke2 g6 33. Ne4 b6 34. Nd6 f6 35. Nc8+ Kf7 36.
Nxb6 Rb7 37. c5 fxe5 38. fxe5 Nc6 39. Nc4 Nd4+ 40. Kd3 Rxb3+ 41. Rxb3 Nxb3 42. c6 Ke7 43. Nd6 Nc5+ 44. Kc4 Nxa4 45. c7 Nb6+ 46. Kc5 Nd7+ 47. Kd4 Nb6 48. c8=Q Nxc8 49. Nxc8+ Kd7 50. Nd6 a5 51.
Kc5 a4 52. Kb4 Kc6 53. Kxa4 Kd5 54. Nf7 h5 55. Kb5 g5 56. Kb4 h4 57. gxh4 gxh4 58. Kc3 Ke4 59. Kd2 Kf3 60. Ng5+ Kf4 61. Nxe6+ Kxe5 62.
Ng5 Kf4 63. Nh3+ Kg4 64. Ng1 Kf4 65. Ke2 Kg4 66. Kf2 Kf4 67. h3 Ke4 68. Kg2 Kf4 69.
Nf3 Ke3 70. Nxh4 Kf4 71. Nf3 Ke4 72. Kg3 Kf5 73. h4 Kg6 74. Kg4 Kh6 75. h5 Kh7 76. Kg5 Kg7 77. h6+ Kh7 78. Nh4 1-0

[Event "*** Titled Tuesday Blitz"]
[Site "Chess.com"]
[Date "2020.04.28"]
[Round "7"]
[White "benko_008"]
[Black "Alexa797"]
[Result "1-0"]
[WhiteElo "2504"]
[BlackElo "2332"]
[TimeControl "180+1"]
[EndTime "11:20:07 PDT"]
[Termination "benko_008 won by resignation"]

1. Nf3 c5 2. c4 Nc6 3. Nc3 g6 4. e3 Bg7 5. d4 cxd4 6. exd4 Nf6 7. Be2 d5 8. O-O O-O 9. cxd5 Nxd5 10. Bg5 Bg4 11.
h3 Be6 12. Ne4 h6 13. Bc1 b6 14. a3 a5 15. Re1 Qc7 16. Bf1 Rfd8 17. Qa4 Rac8 18.
Ba6 Ra8 19. Bf1 Bd7 20. Qb3 Be8 21. Bc4 a4 22. Qa2 Nf4 23. Be3 Na5 24. Rac1 Nxc4 25. Rxc4 Qb8 26. Ne5 Nd5 27. Nc6 Bxc6 28. Rxc6 Qb7 29.
Rec1 Nxe3 30. fxe3 e6 31. Qc4 b5 32. Qc3 Ra6 33. Rxa6 Qxa6 34. Qc7 Rf8 35. Rc6 Qa8 36. Nd6 Qd8 37. Nxb5 Qg5 38. Qb6 Qxe3+ 39. Kh1 h5 40. Rc2 Qe1+ 41. Kh2 Bh6 42. Qd6 Qe4 43. Rf2 h4 44.
Nc3 Qe3 45. Rf3 Qd2 46. Qe5 Bg7 47. Qf4 Qxd4 48. Ne4 Qxb2 49. Qxh4 Be5+ 50. Ng3 Kg7 51. Qe4 Qd4 52. Qe2 Qd6 53. Re3 Rb8 54. Rxe5 Rb2 55. Qe3 Rb3 56. Qf4 f6 57. Re4 Qxf4 58.
Rxf4 Rxa3 59. Rb4 e5 60. Rb7+ Kh6 61. Rb6 Rb3 62. Rxf6 a3 63. Ra6 a2 64. Rxa2 Kg5 65. Ra5 Kf4 66. Ne2+ Ke3 67. Ng3 e4 68. Re5 Rb4 69.
Rxe4+ Rxe4 70. Nxe4 Kxe4 71. Kg3 Kf5 72. Kf3 g5 73.
Kg3 Ke5 74. Kg4 Kf6 75. Kh5 Kf5 76. g4+ Kf4 77. Kg6 Kg3 78. Kxg5 Kxh3 79. Kf5 1-0

[Event "*** Titled Tuesday Blitz"]
[Site "Chess.com"]
[Date "2020.04.28"]
[Round "7"]
[White "MarcoCorvi"]
[Black "crazy_but_lazy"]
[Result "0-1"]
[WhiteElo "2188"]
[BlackElo "2358"]
[TimeControl "180+1"]
[EndTime "11:20:09 PDT"]
[Termination "crazy_but_lazy won on time"]

1. c4 e5 2. Nc3 Nf6 3. Nf3 Nc6 4. e3 Bb4 5. Qc2 O-O 6. Nd5 Re8 7. Qf5 d6 8. Nxf6+ Qxf6 9. Qxf6 gxf6 10. a3 Ba5 11. b4 Bb6 12. Bb2 a5 13. b5 Ne7 14.
Be2 Ng6 15. O-O Be6 16. d4 a4 17. Rfd1 Kg7 18. Rac1 Rad8 19. Kf1 Ba5 20. Bc3 Bxc3 21. Rxc3 f5 22. c5 f4 23. cxd6 fxe3 24. dxe5 cxd6 25. Rxd6 exf2 26. Rxd8 Rxd8 27. Kxf2 Nf4 28. Rc2 Nd5 29.
Nd4 Nf4 30. Nxe6+ Nxe6 31. Bf3 Rd3 32. Ra2 b6 33. Bc6 Rb3 34. h3 Nd4 35. Kg1 Nxb5 36. Bxb5 Rxb5 37. Re2 Rb3 38. e6 fxe6 39. Rxe6 b5 40.
Rb6 h5 41. h4 Kf7 42. Kh2 Ke7 43. g3 Kd7 44. Kh3 Kc7 45. Rh6 Rxa3 46. Rxh5 b4 47. Rb5 b3 48. h5 Ra1 49. Kg2 Re1 50. h6 Re8 51. Rb4 Ra8 52. h7 a3 53. Rxb3 a2 54. Ra3 Rxa3 55. h8=Q a1=Q 56. Qh7+ Kd6 57. Qg6+ Ke7 58. Qh7+ Kf8 59. Qf5+ Ke7 60. Qe4+ Kf6 61. Qc6+ Ke5 62. Qc5+ Ke4 63. Qc6+ Kd3 64. Qf3+ Kc4 65. Qe4+ Qd4 66. Qe6+ Kb4 67. Qe1+ Kc5 68. Qc1+ Rc3 69. Qg5+ Kc4 70. Qc1 Kd3 71. Kh3 Rxc1 0-1

[Event "*** Titled Tuesday Blitz"]
[Site "Chess.com"]
[Date "2020.04.28"]
[Round "7"]
[White "pheonixking2000"]
[Black "LiemLe"]
[Result "0-1"]
[WhiteElo "2814"]
[BlackElo "3006"]
[TimeControl "180+1"]
[EndTime "11:20:10 PDT"]
[Termination "LiemLe won by resignation"]

1. c4 e5 2. g3 Nf6 3. Bg2 d5 4. cxd5 Nxd5 5. Nf3 Nc6 6. O-O Nb6 7. b3 Be6 8. Bb2 f6 9. d4 e4 10. Ne1 f5 11. f3 exf3 12. Bxf3 Qd7 13. e3 O-O-O 14. Nc3 h5 15. Bxh5 g5 16. Bf3 g4 17. Bh1 Bh6 18. Nc2 Ne7 19. Qe2 Rhe8 20. Rae1 Ned5 21. Qg2 c6 22.
Na4 Nxa4 23. bxa4 Nf6 24. Qf2 Bc4 25. Qxf5 Bxf1 26. Qxf6 Bd3 27. Qxh6 Bxc2 28. e4 Qf7 29. Qd2 Bxa4 30. Bg2 Bb5 31. a4 Ba6 32. d5 cxd5 33. e5 Qe6 34. Bd4 Kb8 35. a5 Rc8 36. Qe3 Ka8 37.
Bxa7 Rc2 38. Bd4 Rf8 39. Bh1 Rh8 40. h4 gxh3 41. Bf3 h2+ 42. Kh1 Rf8 43. Bc5 Rxf3 44. Qxf3 Rxc5 45. Qf8+ Rc8 46. Qf6 Qe8 47. e6 d4 48. e7 d3 49. Rd1 Qc6+ 50. Qxc6 bxc6 51. Kxh2 Re8 52. Re1 c5 53. Re5 c4 54. Rd5 Ka7 55. Rd7+ Bb7 56. Rc7 Ka6 57. Rxc4 Rxe7 58. Rd4 Be4 59.
g4 Kxa5 60. Kg3 Kb5 61. Kf4 Kc5 62. Rd8 Bd5 63. Rc8+ Kd4 64. Rc1 Rf7+ 65. Kg5 d2 66. Rb1 Re7 67. Kf6 Re1 68. Rb4+ Bc4 69. Rb8 d1=Q 70.
Rd8+ Bd5 71. g5 Qf3+ 72. Kg6 Qf7+ 0-1

[Event "*** Titled Tuesday Blitz"]
[Site "Chess.com"]
[Date "2020.04.28"]
[Round "7"]
[White "tan275"]
[Black "Mashenka97"]
[Result "1/2-1/2"]
[WhiteElo "2187"]
[BlackElo "2347"]
[TimeControl "180+1"]
[EndTime "11:20:11 PDT"]
[Termination "Game drawn - timeout vs insufficient material"]

1. d4 Nf6 2. c4 g6 3. g3 Bg7 4. Bg2 O-O 5. Nc3 d6 6. Nf3 Nc6 7. O-O e5 8. d5 Ne7 9. e4 Nd7 10. Ne1 f5 11. Nd3 Nf6 12. f4 exf4 13. Bxf4 fxe4 14.
Nxe4 Nxe4 15. Bxe4 Bh3 16. Bg2 Qd7 17. Bxh3 Qxh3 18.
Qe2 Rae8 19. Rae1 Nxd5 20. Qxe8 Rxe8 21. Rxe8+ Kf7 22. Re4 Nf6 23. Bg5 Qxf1+ 24. Kxf1 Nxe4 25. Bd8 Nd2+ 26. Ke2 Nxc4 27. b3 Ne5 28. Bxc7 Nxd3 29. Kxd3 Ke6 30. Bb8 a6 31. a4 Be5 32. Ba7 Kd5 33.
Bf2 h5 34. h3 Ke6 35. g4 Bh2 36. Be3 Ke5 37. Bd2 Bf4 38. Bb4 hxg4 39. hxg4 Bc1 40.
Bc3+ Ke6 41. Ke4 d5+ 42. Kf3 Bg5 43. Bd4 Bf6 44. Bb6 Ke5 45. Ba5 d4 46. Ke2 Ke4 47. Bd2 d3+ 48. Kd1 Bd4 49. g5 Be3 50. Be1 Bxg5 51.
Bf2 Be3 52. Bg3 g5 53. Be1 g4 54. Bg3 Bf4 55. Bf2 g3 56. Bxg3 Bxg3 57. Kd2 Bf4+ 58. Kd1 Kd4 59. a5 Kc3 60. b4 d2 61. b5 axb5 62. a6 bxa6 63. Ke2 Kc2 64. Kf3 d1=Q+ 65. Kxf4 Qe2 66. Kf5 Kd3 67. Kf6 b4 68. Kf7 1/2-1/2

[Event "*** Titled Tuesday Blitz"]
[Site "Chess.com"]
[Date "2020.04.28"]
[Round "7"]
[White "nabukatnezarr"]
[Black "madalin18"]
[Result "0-1"]
[WhiteElo "2510"]
[BlackElo "2145"]
[TimeControl "180+1"]
[EndTime "11:20:12 PDT"]
[Termination "madalin18 won by checkmate"]

1. e4 c5 2. Nf3 d6 3. d4 cxd4 4. Nxd4 Nf6 5. Bc4 e6 6. O-O Be7 7. Bd3 O-O 8. c4 Nc6 9. Be3 d5 10. exd5 exd5 11. c5 Ne5 12. Nb3 Nxd3 13. Qxd3 Ng4 14.
Bd4 Bf6 15. h3 Ne5 16. Bxe5 Bxe5 17. Rd1 Bxb2 18. Nc3 Bxa1 19. Rxa1 Be6 20. Rd1 b6 21.
Qd4 bxc5 22. Nxc5 Qb6 23. Rb1 Qc6 24. N3a4 Rab8 25. Re1 Rfe8 26. h4 Qb5 27. h5 Qc4 28.
Qd1 d4 29. h6 g6 30. Qf3 Bf5 31. Rxe8+ Rxe8 32. Qc6 Qc1+ 33. Kh2 Qf4+ 34. g3 Qxf2+ 35. Qg2 Qxg2+ 36. Kxg2 Re2+ 37. Kf3 Rxa2 38. g4 Be6 39. Ke4 f5+ 40. gxf5 Bxf5+ 41. Kxd4 g5 42. Ke5 Rf2 43. Nc3 g4 44. Nd5 Kf7 45. Ne3 Bc8 46. Ne4 Re2 47.
Kf4 Rxe3 48. Kxe3 Kg6 49. Kf4 a5 50. Nd6 Bd7 51. Nc4 a4 52. Ne5+ Kh5 53. Nxd7 a3 54. Nc5 a2 55. Nb3 Kh4 56. Ke3 g3 57. Ke2 Kh3 58. Nd2 g2 59. Kf3 a1=Q 60. Kf4 Qd4+ 61. Kf5 Qxd2 62. Kf6 Qxh6+ 63. Kf7 Qg6+ 64. Ke7 Kg4 65. Kd7 Kf5 66. Kc7 Qa6 67. Kd7 Ke5 68. Ke7 Qb7+ 69. Kf8 Kf6 70. Kg8 Qg7# 0-1

[Event "*** Titled Tuesday Blitz"]
[Site "Chess.com"]
[Date "2020.04.28"]
[Round "7"]
[White "Piotrek1979"]
[Black "Petrosyan_Tigran"]
[Result "0-1"]
[WhiteElo "2400"]
[BlackElo "2556"]
[TimeControl "180+1"]
[EndTime "11:20:15 PDT"]
[Termination "Petrosyan_Tigran won by resignation"]

1. e4 e5 2. Nf3 Nc6 3. Bb5 a6 4. Ba4 Nf6 5. d3 b5 6. Bb3 Be7 7. a4 b4 8. a5 d6 9. h3 O-O 10.
O-O Be6 11. Bxe6 fxe6 12. Nbd2 Qd7 13. Nc4 Rab8 14. Re1 Rb5 15. b3 h6 16. Nh4 Qe8 17.
g3 g5 18. Ng2 Qg6 19. Bb2 Nd7 20.
Qe2 Bf6 21. Nge3 Bg7 22. Kg2 d5 23. Nd2 Nxa5 24. exd5 exd5 25. Ng4 Nc6 26. Rxa6 Rb6 27. Rxb6 cxb6 28. d4 Nxd4 29. Bxd4 exd4 30. Qe6+ Qxe6 31. Rxe6 h5 32. Nh2 Rf6 33. Re7 Nc5 34. Nhf3 Re6 35.
Rxe6 Nxe6 36. Ne1 Nc5 37. Nd3 Kf7 38. Nxb4 Ke6 39. Nd3 Ne4 40. Nf3 Bf6 41. g4 hxg4 42. hxg4 Nc5 43. Kf1 Kd6 44. Ke2 Ne4 45. Kd1 Nc3+ 46.
Ke1 Ne4 47. Nd2 b5 48. Nf1 Bd8 49. f3 Nc3 50. Ng3 Bf6 51. Nf5+ Ke6 52. Kf2 Nd1+ 53.
Ke2 Nc3+ 54. Kd2 Nb1+ 55. Kc1 Nc3 56. Kb2 Ne2 57. Ka3 Ng1 58. Ne1 d3 59. cxd3 Bc3 60. Ng2 Nxf3 61. Nge3 Ne5 62. d4 Nxg4 63. Nxg4 Kxf5 64.
Ne3+ Ke4 65. Nc2 Kd3 66. Nb4+ Bxb4+ 67. Kxb4 g4 68. Kxb5 g3 69. Kc5 g2 70. b4 g1=Q 71. b5 0-1

[Event "*** Titled Tuesday Blitz"]
[Site "Chess.com"]
[Date "2020.04.28"]
[Round "7"]
[White "fastestmindalive"]
[Black "SahajGrover"]
[Result "1-0"]
[WhiteElo "2834"]
[BlackElo "2715"]
[TimeControl "180+1"]
[EndTime "11:20:19 PDT"]
[Termination "fastestmindalive won on time"]

1. e4 c5 2. Nc3 e6 3. f4 Nc6 4. Nf3 d5 5. Bb5 Ne7 6. Qe2 d4 7. Nb1 Qb6 8. Bxc6+ Nxc6 9. Na3 Qc7 10. d3 b6 11. O-O Bb7 12. Nc4 O-O-O 13. a4 Bd6 14. Nxd6+ Qxd6 15. Nd2 Na5 16. b3 f5 17. e5 Qd5 18.
Nc4 Nxc4 19. bxc4 Qc6 20. a5 Rdg8 21. axb6 axb6 22. Qf3 Qd7 23. Qg3 Kc7 24. Bd2 Ra8 25. Kf2 Qf7 26. Qh4 h6 27. Ke2 Bxg2 28. Rg1 Bb7 29. Kf2 Rag8 30. Ra7 g5 31. Qh3 gxf4 32. Rxb7+ Kxb7 33. Qf3+ Kb8 34. Rb1 Qb7 35. Ba5 Qxf3+ 36. Kxf3 Ka8 37. Rxb6 Re8 38. Rc6 Kb7 39. Rc7+ Ka6 40.
Bd2 Rc8 41. Re7 Rhe8 42. Rh7 Rh8 43. Re7 Rc6 44. Rf7 Kb6 45. Bxf4 Rc7 46. Rf6 Re7 47. h4 h5 48. Bg5 Kc6 49. Rg6 Ree8 50. Kf4 Rhg8 51.
Rh6 Rh8 52. Rg6 Rh7 53. Bf6 Ra8 54. Bg5 Kd7 55. Bf6 Ra1 56. Rg2 Rf1+ 57. Kg3 Rh6 58.
Kh2 Rh7 59. Rg8 Rf2+ 60. Kg3 Rxc2 61. Rd8+ Kc6 62. Rd6+ Kc7 63. Kf3 Rc3 64. Ke2 Kc8 65.
Rxe6 Ra7 66. Rc6+ Kd7 67. Rd6+ Ke8 68. e6 Ra2+ 69. Kf3 Rxd3+ 70. Kf4 Ra8 71. Rd7 Kf8 72. Rh7 1-0

[Event "*** Titled Tuesday Blitz"]
[Site "Chess.com"]
[Date "2020.04.28"]
[Round "7"]
[White "Karina_Ivanova"]
[Black "TheMightyBishops"]
[Result "0-1"]
[WhiteElo "2190"]
[BlackElo "2014"]
[TimeControl "180+1"]
[EndTime "11:20:19 PDT"]
[Termination "TheMightyBishops won on time"]

1. d4 d6 2. Nf3 Nd7 3. g3 Ngf6 4.
Bg2 e5 5. O-O Be7 6. c4 c6 7.
Nc3 e4 8. Nd2 d5 9. e3 h5 10. h4 Ng4 11. cxd5 f5 12. dxc6 bxc6 13. d5 Bxh4 14. Nc4 Ba6 15. Nd6+ Kf8 16. Nxf5 Bxf1 17.
Kxf1 Bf6 18. Bxe4 Nc5 19. Bg2 Qa5 20. Bd2 Qa6+ 21. Kg1 Rb8 22. Qc2 Nd3 23. Nd1 cxd5 24. Bf1 Nge5 25. f4 Nf3+ 26. Kh1 Nxd2 27. Qxd2 d4 28. Bxd3 Qb7+ 29. e4 h4 30. g4 h3 31.
g5 Bd8 32. b3 Kg8 33. Qc3 dxc3 34. Bc4+ Kh7 35. Bd5 Qb5 36. Nxc3 Qe2 37. Nxe2 Kg6 38. Ned4 Bb6 39. Rc1 Bxd4 40. Nxd4 Kh5 41. Kh2 Kg4 42. Ne2 Kf3 43. Bc4 Kxe4 44. Rg1 Rh4 45. Rg3 Rd8 46. Rxh3 Rg4 47. Rg3 Rh4+ 48. Kg2 Rd2 49. Kf2 Rxf4+ 50. Ke1 Rxe2+ 51. Bxe2 Rh4 52.
Kd2 Rh2 53. Re3+ Kf4 54. g6 Kf5 55. Re7 Kxg6 56. Rxa7 Kf6 57. Ra6+ Ke7 58. Ra5 Kf6 59. Rc5 g5 0-1

[Event "*** Titled Tuesday Blitz"]
[Site "Chess.com"]
[Date "2020.04.28"]
[Round "7"]
[White "Stormeman100100"]
[Black "davigator"]
[Result "1-0"]
[WhiteElo "2520"]
[BlackElo "2389"]
[TimeControl "180+1"]
[EndTime "11:20:24 PDT"]
[Termination "Stormeman100100 won by checkmate"]

1. e4 c5 2. Nf3 Nc6 3. d4 cxd4 4. Nxd4 Nf6 5. Nc3 d6 6. Bg5 a6 7. Qd2 e6 8. O-O-O Bd7 9. f4 h6 10. Bh4 g5 11. fxg5 Ng4 12. Nxc6 Bxc6 13. Qf4 Ne5 14. Kb1 Be7 15. Qe3 hxg5 16. Bg3 Qc7 17. Be2 O-O-O 18. Rhf1 Rh7 19. h3 Kb8 20. Rd2 Rg8 21. Bg4 Bd7 22. Rfd1 Bc8 23. Qg1 Rd8 24. Be2 Bd7 25. Qh2 f6 26. a3 Bc6 27. Qg1 Rc8 28. Qd4 b5 29. Bf2 Qb7 30. Qe3 Rhh8 31. Rxd6 Bxd6 32. Rxd6 Rhe8 33.
Na2 Kc7 34. Qc5 Nd7 35. Qd4 e5 36. Qd2 Rcd8 37. Nb4 Nb6 38. Bxb6+ Qxb6 39. Rxd8 Rxd8 40. Qc3 Kb7 41. Bd3 Rc8 42. Qb3 Bd7 43. Qf7 Qd6 44.
Nd5 Kb8 45. Be2 Be6 46. Qxf6 Rd8 47. Bf3 Bxd5 48. Qxd6+ Rxd6 49. exd5 Rf6 50. c3 Rf4 51.
Kc2 e4 52. Bg4 Rf2+ 53. Kc1 Rxg2 54. b3 Kc7 55. c4 bxc4 56. bxc4 Kd6 57. Be6 Ra2 58.
c5+ Kxc5 59. d6 Rf2 60. d7 Rf8 61. Kd2 Kd6 62. Bg4 Ke7 63. Ke3 Rf1 64. Kxe4 Ra1 65.
Kf5 Rxa3 66. Kxg5 a5 67. h4 a4 68. h5 Ra1 69. h6 Rb1 70. d8=Q+ Kxd8 71. h7 Rb5+ 72. Bf5 Kc7 73. h8=Q Kb6 74. Qf6+ Ka5 75. Qc3+ Kb6 76. Kf6 Rb3 77. Qd4+ Kb5 78. Bd7+ Ka5 79. Qc5+ Ka6 80. Bc8+ Rb7 81. Qc6+ Ka5 82. Qxb7 a3 83. Bd7 a2 84. Qb5# 1-0

[Event "*** Titled Tuesday Blitz"]
[Site "Chess.com"]
[Date "2020.04.28"]
[Round "7"]
[White "kuba2006"]
[Black "EddieMarsalla"]
[Result "1-0"]
[WhiteElo "2416"]
[BlackElo "2520"]
[TimeControl "180+1"]
[EndTime "11:21:16 PDT"]
[Termination "kuba2006 won by resignation"]

1. e4 d5 2. exd5 Qxd5 3. Nf3 Bg4 4. Be2 Bxf3 5. Bxf3 Qe5+ 6. Qe2 Qxe2+ 7. Kxe2 c6 8. d4 e6 9. c3 Bd6 10. Nd2 Nf6 11.
Nc4 Bc7 12. a4 O-O 13. Rd1 Nbd7 14. g3 Rfe8 15. Kf1 h6 16. Be3 Rad8 17. a5 a6 18. Ra3 Nd5 19. Rb3 Rb8 20. Re1 Red8 21. Kg2 Kf8 22. h4 Kg8 23. Ra3 N7f6 24. b4 Re8 25. Bd2 Rbd8 26. Ne5 Nd7 27. Nxd7 Rxd7 28. c4 Ne7 29. Bc3 Nf5 30. d5 cxd5 31. cxd5 e5 32. Bb2 Bd6 33. Rb3 f6 34. b5 axb5 35. Rxb5 Rc8 36. Bg4 g6 37. h5 Kg7 38. hxg6 Kxg6 39. Rh1 Rc2 40. Bc1 Rh7 41. Bh5+ Kg7 42. Rxb7+ Kg8 43.
Rxh7 Kxh7 44. Bg4 Nd4 45. Bxh6 Kg6 46. Be3 Ra2 47. Bh5+ Kg7 48. Rd1 Rxa5 49. Bxd4 exd4 50. Rxd4 Ra2 51. Re4 Bc5 52. Re2 Rxe2 53. Bxe2 Kf7 54. f4 Ke7 55. Kf3 Kd6 56. Ke4 Bf2 57. g4 Be1 58.
Bf3 Bd2 59. Kf5 Ke7 60. g5 fxg5 61. fxg5 Bc3 62. Kg6 Bd2 63. Be4 Bc1 64. Kf5 Bd2 65.
g6 Bc3 66. Kf4 Bg7 67. Kg5 Kd6 68. Kf5 Ke7 69. Kf4 Kd6 70. Ke3 Ke7 71. Kd3 Kd6 72.
Kc4 Bf6 73. Kb5 Bd4 74. Ka6 Kc7 75. Bf3 Be5 76. Kb5 Kd6 77. Kb6 Bd4+ 78. Kb7 Kd7 79. Bg4+ Kd6 80. Be6 Be5 81. Kc8 Ke7 82. Bf7 Bf4 83. Bg8 Be5 84. Be6 Bg7 85. Kc7 Be5+ 86. Kc6 Bg7 87. Bf5 Kf6 88. Bd3 Ke7 89. d6+ Kd8 90.
d7 Bf6 91. Kd6 Bg7 92. Ke6 Bc3 93. Bf5 Bb2 94. Kf7 Bc3 95. g7 Bxg7 96. Kxg7 Ke7 97.
Kg6 Kd8 98. Kf7 Kc7 99. Ke8 Kd6 100. d8=Q+ Ke5 101.
Qe7+ Kxf5 102. Qd6 Kg4 103. Kf7 1-0

[Event "*** Titled Tuesday Blitz"]
[Site "Chess.com"]
[Date "2020.04.28"]
[Round "7"]
[White "Suleyman_Chess06"]
[Black "fridaywins"]
[Result "1-0"]
[WhiteElo "2375"]
[BlackElo "2243"]
[TimeControl "180+1"]
[EndTime "11:21:22 PDT"]
[Termination "Suleyman_Chess06 won by resignation"]

1. d4 Nf6 2. Nf3 g6 3. Bf4 Bg7 4. e3 d6 5. h3 O-O 6. Be2 c5 7.
c3 Nbd7 8. O-O a6 9. Nbd2 b6 10. a4 Bb7 11. Bh2 Ra7 12. b4 Qa8 13. a5 b5 14. Nb3 Ne4 15. Rc1 cxb4 16. cxb4 Bd5 17. Ne1 Rc8 18. Rxc8+ Qxc8 19. Bf3 Ndf6 20. Nd2 Rc7 21.
Nxe4 Bxe4 22. Bxe4 Nxe4 23. Nd3 Rc4 24. Nf4 e6 25.
Nd3 Bf8 26. f3 Nc3 27. Qd2 Nd5 28. e4 Rc2 29. Qe1 Nc3 30. e5 d5 31. Nc5 Ne2+ 32. Kh1 Nxd4 33. Bg1 Rc4 34. Qh4 Bxc5 35. bxc5 Nf5 36.
Qf6 Ng3+ 37. Kh2 Nxf1+ 38. Kh1 Ng3+ 39. Kh2 Nh5 40. Qg5 d4 41. g4 Ng7 42. Bf2 Qxc5 43. Qd8+ Qf8 44. Qb6 d3 45. Be3 Rc2+ 46. Kg3 h5 47.
Qxa6 hxg4 48. hxg4 d2 49. Bxd2 Rxd2 50. Qxb5 Qd8 51. a6 Rd5 52. Qb7 Rd7 53. Qc6 Qc7 54.
Qb5 Rd5 55. Qb4 Qxe5+ 56. Kh3 Qd6 57. Qb7 Qd7 58. Qb8+ Qd8 59. a7 Ne8 60. a8=Q Qxb8 61. Qxb8 Kf8 62. Qb2 Ke7 63. Kg3 g5 64. Qa3+ Nd6 65.
Qa7+ Kf6 66. Qe3 Kg6 67. Qc3 e5 68. Qc2+ Kf6 69. Qc6 Ke6 70. Qc7 f6 71. Qc1 Rd4 72. Qh1 Nc4 73. Qh8 Ne3 74. Qe8+ Kd5 75. Qd8+ Ke6 76.
Qe8+ Kd6 77. Qf8+ Ke6 78. Qc8+ Kd5 79. Qd7+ Kc4 80. Qe6+ Kd3 81. Qxf6 Nd5 82. Qxe5 Nf4 83. Qxg5 Ne2+ 84. Kf2 Nc3 85. Qf5+ Kc4 86. g5 Rd2+ 87. Kg3 Rd5 88. Qf4+ Rd4 89. Qe3 Nd5 90. Qe6 Kc5 91. g6 Nc7 92. Qe5+ Rd5 93. Qxc7+ Kd4 94. g7 Rc5 95. Qxc5+ Kxc5 96. g8=Q Kd4 97. Qe8 Kc5 98.
f4 Kd5 99. f5 Kc5 100. f6 1-0

[Event "*** Titled Tuesday Blitz"]
[Site "Chess.com"]
[Date "2020.04.28"]
[Round "7"]
[White "Pedrada88"]
[Black "kushagramohan"]
[Result "0-1"]
[WhiteElo "2426"]
[BlackElo "2680"]
[TimeControl "180+1"]
[EndTime "11:21:25 PDT"]
[Termination "kushagramohan won on time"]

1. Nf3 Nf6 2. g3 g6 3. Bg2 Bg7 4. d4 c5 5. c3 cxd4 6. cxd4 O-O 7. O-O d6 8. Nc3 Nbd7 9. h3 Rb8 10. a4 b6 11. e4 Bb7 12. Re1 e5 13. Ra3 Re8 14.
dxe5 Nxe5 15. Nb5 Nxf3+ 16. Bxf3 Nxe4 17. Bf4 Nc5 18. Rxe8+ Qxe8 19. Bxd6 Rd8 20. Re3 Qd7 21. Qe2 Bxf3 22. Qxf3 Ne6 23. Be5 Ng5 24. Qe2 Bxe5 25. Rxe5 Ne6 26. Kh2 a6 27. Nc3 Nd4 28. Qe3 Qc6 29.
Ne4 Ne6 30. Qh6 Nf8 31. Qh4 Qc7 32. Nf6+ Kh8 33. Re3 Qd6 34. Ne4 Qd4 35. Rf3 f5 36. Qf6+ Qxf6 37. Nxf6 Kg7 38. Rc3 Kxf6 39. Rc6+ Ne6 40.
Rxb6 Rd2 41. Rxa6 Rxf2+ 42. Kg1 Rxb2 43. Ra7 Ra2 44. a5 h5 45. a6 g5 46. Ra8 Ke5 47. a7 g4 48. hxg4 hxg4 49. Kf1 Ra3 50. Kf2 Ra2+ 51. Ke3 Ra3+ 52. Kf2 Ra5 53. Ke3 Ra6 54. Kf2 Ke4 55. Re8 Rxa7 56. Rxe6+ Kd5 57. Re2 Ra3 58. Kg2 Rf3 59. Re8 Kd4 60. Re7 Re3 61.
Rd7+ Ke4 62. Re7+ Kd4 63. Rd7+ Kc5 64. Rf7 Re5 65. Kf2 Kd5 66. Rd7+ Ke6 67. Rd4 Rd5 68. Ra4 Re5 69. Ra6+ Kf7 70. Ra7+ Re7 71. Ra6 Re6 72.
Ra5 Kf6 73. Ra8 Rb6 74. Rf8+ Ke5 75. Re8+ Re6 76. Rf8 Rf6 77. Re8+ Kd6 78. Re3 Kd7 79. Rd3+ Rd6 80. Re3 Re6 81. Rd3+ Ke7 82. Rd5 Kf6 83. Rd8 Ra6 84. Rf8+ Kg5 85. Rg8+ Rg6 86. Rf8 Rh6 87.
Rg8+ Kf6 88. Rf8+ Ke6 89. Re8+ Kf7 90. Ra8 Rh2+ 91. Ke3 Rg2 92. Kf4 Rf2+ 93. Kg5 Rf3 94. Ra7+ Ke6 95. Ra6+ Ke5 96. Ra5+ Ke4 97. Ra4+ Ke3 98.
Ra3+ Kf2 99. Ra5 Kxg3 100. Ra1 Kf2 101. Ra2+ Kg3 102. Ra1 Kg2 103. Ra2+ Rf2 104. Ra1 g3 105. Kh4 f4 106. Kg4 f3 107. Ra3 Rf1 108. Re3 Rf2 0-1

[Event "*** Titled Tuesday Blitz"]
[Site "Chess.com"]
[Date "2020.04.28"]
[Round "7"]
[White "Ali_rastbod"]
[Black "AryanTari"]
[Result "1/2-1/2"]
[WhiteElo "2599"]
[BlackElo "2883"]
[TimeControl "180+1"]
[EndTime "11:21:36 PDT"]
[Termination "Game drawn - insufficient material"]

1. c4 e6 2. Nf3 d5 3. g3 Nf6 4. Bg2 Be7 5. O-O O-O 6. d4 dxc4 7. Qc2 a6 8. a4 Bd7 9. Rd1 Bc6 10. Nc3 Bxf3 11.
Bxf3 Nc6 12. Bxc6 bxc6 13. a5 Rb8 14. Ra4 Rb4 15. Na2 Rxa4 16. Qxa4 Qb8 17. Nc3 Qb3 18. Qxb3 cxb3 19. Bf4 Bb4 20. Rc1 Bxa5 21. Na4 Ra8 22.
Rxc6 Nd5 23. e4 Nb4 24. Rc3 Rd8 25. Bxc7 Bxc7 26. Rxc7 g5 27. Rc4 Nc2 28. Nc5 Nxd4 29. Nb7 Nf3+ 30. Kg2 Ne1+ 31. Kf1 Rd1 32. Ke2 Rb1 33.
Nc5 g4 34. Nxb3 Rxb2+ 35. Kxe1 Rxb3 36. Rc8+ Kg7 37. Ra8 Ra3 38. Ke2 h5 39. Ra7 Kf6 40. Ra8 a5 41. Ra6 a4 42. Ra5 Kg6 43. Kf1 Ra1+ 44. Kg2 a3 45. Ra6 Kf6 46. Ra5 Kg6 47. h3 gxh3+ 48. Kxh3 Re1 49. Rxa3 Rxe4 50. Kg2 Rb4 51.
Ra8 Rb5 52. Rg8+ Kh7 53. Rf8 Kg7 54. Ra8 Rd5 55. Ra4 Kg6 56. Ra1 Rd2 57. Ra8 e5 58. Rg8+ Kf6 59. Re8 Rd6 60. Rh8 Kg6 61. Re8 f6 62.
Rg8+ Kh7 63. Rf8 Kg7 64. Re8 Rd3 65. Re7+ Kg6 66. Re8 Rd2 67. Rg8+ Kh7 68. Rf8 Kg7 69. Re8 Rc2 70. Re7+ Kg6 71. Re8 Rb2 72. Rg8+ Kh7 73.
Rf8 Kg7 74. Re8 Rb4 75. Re7+ Kg6 76. Re8 e4 77. Rg8+ Kh7 78. Rf8 Kg7 79. Re8 f5 80. Re7+ Kf6 81. Re8 Rb2 82. Kg1 Ra2 83. Kg2 h4 84. gxh4 f4 85. Rxe4 Kf5 86. Re8 Kg4 87. Rg8+ Kxh4 88. Kf3 Kh5 89. Rg1 Kh6 90. Rg2 Kh5 91. Kxf4 Ra4+ 92. Kf5 Ra5+ 93. Ke4 Ra4+ 94. Kf3 Ra3+ 95. Kf4 Ra4+ 96. Kf5 Ra5+ 97. Kf6 Ra6+ 98.
Kg7 Ra7+ 99. Kh8 Ra8+ 100. Rg8 Rxg8+ 101. Kxg8 Kg6 102. f4 Kf6 103. Kf8 Ke6 104. Kg7 Kf5 105. Kf7 Ke4 106. f5 Kxf5 1/2-1/2